 Dungeon Crawl Stone Soup version 0.28-a0-1555-g9ae15a6949 (webtiles) character file.

Game seed: 10013980003917331890

2442 ytrimaz the Skirmisher (level 9, -1/108 HPs)
             Began as a Demonspawn Berserker on Jan 18, 2022.
             Was a Priest of Trog.
             Slain by a vampire (8 damage)
             ... on level 6 of the Dungeon.
             The game lasted 00:08:11 (8496 turns).

ytrimaz the Skirmisher (Demonspawn Berserker)       Turns: 8496, Time: 00:08:11

Health: -1/108     AC: 19    Str: 25    XL:     9   Next: 25%
Magic:  9/9        EV:  8    Int: 10    God:    Trog [***...]
Gold:   348        SH:  0    Dex: 12    Spells: 8/8 levels left

rFire   . . .      SeeInvis .   a - +0 hand axe
rCold   . . .      Faith    .   (no shield)
rNeg    . . .      Spirit   .   i - +1 plate armour
rPois   +          Reflect  .   (helmet restricted)
rElec   .          Harm     .   (no cloak)
rCorr   .          Rampage  .   o - +0 pair of gloves
Will    ++...                   p - +1 pair of boots of the Sun {Drain rPois Str+4}
Stlth   ..........              (no amulet)
HPRegen 1.28/turn               (no ring)
MPRegen 0.22/turn               (no ring)

@: berserking (expiring), strong-willed, regenerating, hasted, very quick
A: horns 1, molten scales 1, magic regeneration
a: Renounce Religion, Berserk, Trog's Hand


You were on level 6 of the Dungeon.
You worshipped Trog.
Trog was most pleased with you.
You visited 1 branch of the dungeon, and saw 7 of its levels.
You also visited: Ossuary.

You collected 348 gold pieces.

Inventory:

Hand Weapons
 a - a +0 hand axe (weapon)
Missiles
 f - 4 boomerangs (quivered)
 n - 4 javelins
Armour
 i - a +1 plate armour (worn)
 o - a +0 pair of gloves (worn)
 p - the +1 pair of boots of the Sun (worn) {Drain rPois Str+4}
   (You found it on level 2 of the Dungeon)

   Str:       It affects your strength (+4).
   rPois:     It protects you from poison.
   Drain:     It drains your maximum health when unequipped.
Wands
 b - a wand of flame (31)
Scrolls
 g - a scroll of noise
 m - 4 scrolls of teleportation


   Skills:
 * Level 7.0 Fighting
 + Level 6.5 Axes
 * Level 6.7 Armour
 * Level 4.6 Dodging


You had 8 spell levels left.
You didn't know any spells.
Your spell library was empty.

Dungeon Overview and Level Annotations

Branches:
Dungeon (7/15)             Temple (0/1) D:6         Ossuary (visited)

Altars:

Shops:
D:6 =


Innate Abilities, Weirdness & Mutations

You have a pair of small horns on your head.
You are partially covered in molten scales. (AC +2)
You regenerate magic rapidly.


Message History

Something hits you.
* * * LOW HITPOINT WARNING * * *
Something bites you but does no damage.
Unknown command.
You hit something but do no damage.
Unknown command.
You hit something. Something hits you but does no damage.
Something bites you but does no damage.
You miss something. Something hits you but does no damage.
Something bites you but does no damage.
You barely miss something. Your punch misses something.
You recover from your berserk rage.
A red film seems to cover your vision as you go berserk!
You feel yourself moving faster!
You feel mighty! Something hits you but does no damage. Something bites you.
* * * LOW HITPOINT WARNING * * *
Something draws strength from your injuries!
You cannot move.
You cannot move.
You cannot move.
You cannot move.
You closely miss something. Something hits you but does no damage.
Something bites you but does no damage.
You slice something!! You barely miss something.
Something hits you but does no damage. Something bites you but does no damage.
You hit something but do no damage. You closely miss something.
Something hits you but does no damage. Something bites you but does no damage.
You miss something. Something draws life force from you!!
* * * LOW HITPOINT WARNING * * *
You hit something.
You feel less wooden.
Your +0 pair of gloves unmelds from your body.
The +1 pair of boots of the Sun {Drain rPois Str+4} unmelds from your body.
Your +1 plate armour unmelds from your body.
You hit something. Something hits you!
* * * LOW HITPOINT WARNING * * *
Something bites you!
You die...

#^.# #.## #..........###
##.## ##.# #.........## #
#..# #..# #..(.....## #
##..####.## #.....#..# ##
#.##....(.######.....#..####.
######.##..##...........##...
#...##........##...)..#..
#####....#.{......###.......#
#...........@.....# ##...###.
####..............###...## ##
##..#..##..........##.#
##.......##........#..#
###...##.....#......##..#
#....###..<.....###..#..#
####.###.####...###..#.### #
#.##...# ##........#..###
#.#....#####.#####.#.....


There were no monsters in sight!

Vanquished Creatures
  A troll (D:5)
  Grinder (D:4)
  Sigmund (D:3)
  2 water moccasins (D:5)
  Edmund (D:5)
  A sky beast (D:5)
  A necrophage (D:6)
  2 ice beasts
  4 ogres
  Blork the orc (D:5)
  3 scorpions
  2 hounds (D:5)
  An orc priest (D:4)
  A jelly (D:6)
  3 bullfrog skeletons
  4 iguanas
  Natasha (thrice) (D:4)
  A hound skeleton (D:4)
  A mummy (Ossuary)
  8 adders
  A howler monkey skeleton (D:6)
  A shadow imp (D:6)
  An ufetubus (D:4)
  A worm (D:2)
  A dart slug (D:1)
  6 orcs
  4 spectral bats (Ossuary)
  4 endoplasms
  2 giant cockroaches (D:3)
  6 goblins
  2 hobgoblins (D:4)
  9 jackals
  2 quokkas
  7 ball pythons
  3 bats
  A bat simulacrum (Ossuary)
  2 frilled lizards
  12 gnoll zombies (Ossuary)
  3 goblin simulacra (Ossuary)
  4 goblin zombies (Ossuary)
  5 hobgoblin zombies (Ossuary)
  5 kobolds
  A kobold simulacrum (Ossuary)
  5 kobold zombies (Ossuary)
  4 orc zombies (Ossuary)
  A rat (D:3)
  7 rat simulacra (Ossuary)
  2 spectral goblins (Ossuary)
  2 spectral kobolds (Ossuary)
146 creatures vanquished.

Vanquished Creatures (others)
  An endoplasm (D:1)
  A plant (D:4)
2 creatures vanquished.

Grand Total: 148 creatures vanquished

Notes
Turn   | Place    | Note
-------+----------+-------------------------------------------
     0 | D:1      | ytrimaz the Demonspawn Berserker began the quest for the
                  | Orb.
     0 | D:1      | Reached XP level 1. HP: 18/18 MP: 1/1
  1051 | D:2      | Gained mutation: You have a pair of small horns on your
                  | head. [demonic ancestry]
  1051 | D:2      | Reached XP level 2. HP: 21/24 MP: 2/2
  1406 | D:2      | Noticed a scorpion
  1413 | D:2      | Killed a scorpion
  1414 | D:2      | Gained mutation: You are partially covered in molten
                  | scales. (AC +2) [demonic ancestry]
  1414 | D:2      | Reached XP level 3. HP: 18/30 MP: 3/3
  1414 | D:2      | Reached XP level 4. HP: 22/37 MP: 4/4
  1421 | D:2      | HP: 1/37 [poisoned by a scorpion]
  1687 | D:2      | Reached skill level 4 in Fighting
  2595 | D:3      | Found a faded altar of an unknown god.
  2595 | D:3      | Noticed Sigmund
  2633 | D:3      | Killed Sigmund
  2634 | D:3      | Reached XP level 5. HP: 38/43 MP: 5/5
  2819 | D:3      | Reached XP level 6. HP: 49/49 MP: 6/6
  3167 | D:4      | Noticed Natasha
  3170 | D:4      | Noticed Grinder
  3180 | D:4      | Killed Natasha
  3190 | D:4      | Paralysed by Grinder for 4 turns
  3201 | D:4      | Paralysed by Grinder for 4 turns
  3473 | D:4      | Killed Grinder
  3474 | D:4      | Reached XP level 7. HP: 51/55 MP: 7/7
  3477 | D:4      | Reached skill level 5 in Fighting
  3512 | D:4      | Reached ** piety under Trog
  3567 | D:4      | Found a sand-covered staircase.
  3572 | Ossuary  | Entered an ossuary
  4059 | Ossuary  | Reached *** piety under Trog
  4499 | D:4      | Noticed Natasha
  4507 | D:4      | Killed Natasha
  4677 | D:4      | Noticed Natasha
  4695 | D:4      | Killed Natasha
  5394 | D:5      | Entered Level 5 of the Dungeon
  5404 | D:5      | Noticed Edmund
  5416 | D:5      | Killed Edmund
  5641 | D:5      | Noticed Blork the orc
  5649 | D:5      | Killed Blork the orc
  5650 | D:5      | Reached skill level 5 in Axes
  5650 | D:5      | Reached skill level 5 in Armour
  5819 | D:5      | Reached XP level 8. HP: 49/63 MP: 8/8
  6110 | D:5      | Noticed a troll
  6119 | D:5      | Killed a troll
  6120 | D:5      | Reached skill level 6 in Fighting
  6629 | D:5      | Gained mutation: You regenerate magic rapidly. [demonic
                  | ancestry]
  6629 | D:5      | Reached XP level 9. HP: 52/71 MP: 9/9
  6902 | D:2      | Identified the +1 pair of boots of the Sun {Drain rPois
                  | Str+4}
  7061 | D:6      | Found Neackapn's Jewellery Shop.
  7529 | D:6      | Reached skill level 7 in Fighting
  7770 | D:6      | Found a staircase to the Ecumenical Temple.
  8462 | D:6      | HP: 1/108 [vampire (5)]
  8496 | D:6      | Slain by a vampire

Illustrated notes

Levels and vault maps discovered:
D:1:      dpeg_arrival_water_temple_mockup, layout_loops_ring,
          minmay_misc_feat_plants, roderic_lattice_a, lemuel_flame_loot_1
D:2:      layout_basic, nicolae_figureground_sparkle
D:3:      layout_loops_corners, hellmonk_ecumenical_altar_dog_temple,
          grunt_decor_clamped, serial_bayou_crossing, uniq_sigmund
D:4:      layout_basic, nicolae_ossuary_entry_plus, saegor_snake_ambush,
          uniq_grinder, uniq_natasha
D:5:      kennysheep_six_static_rooms, layout_loops_ring, uniq_blork_the_orc,
          uniq_edmund
D:6:      layout_layer_cave, minmay_temple_entry_statues_pillars, serial_shops,
          shop
D:7:      layout_rooms, minmay_holes, pf_guarded_unrand_meek

Skill      XL: |  1  2  3  4  5  6  7  8  9 |
---------------+----------------------------+-----
Axes           | 3 4 5 6 |  6.5
Armour         | 2 3 4 5 6 |  6.7
Dodging        | 2 3 4 |  4.6
Fighting       | 4 5 6 7 |  7.0

Action                   |  1- 3 |  4- 6 |  7- 9 || total
-------------------------+-------+-------+-------++-------
Melee: Hand axe          |    33 |   108 |   408 ||   549
       Headbutt          |     2 |    19 |    74 ||    95
       Punch             |       |     2 |     3 ||     5
Throw: Throwing net      |       |       |     3 ||     3
Invok: Berserk           |     1 |     4 |     9 ||    14
       Trog's Hand       |       |       |     3 ||     3
  Use: Scroll            |       |     5 |     6 ||    11
       Potion            |       |     4 |    10 ||    14
Armor: Chain mail        |    12 |    92 |   195 ||   299
       Animal skin       |     1 |       |       ||     1
       Troll leather arm |       |       |    10 ||    10
       Plate armour      |       |       |    69 ||    69
       Skin              |       |       |    49 ||    49
Dodge: Dodged            |    15 |    57 |   165 ||   237

Table legend: (Time is in decaauts)
 A = Elapsed time spent in this place.
 B = Non-inter-level travel time spent in this place.
 C = Inter-level travel time spent in this place.
 D = Time resting spent in this place.
 E = Time spent auto-exploring this place.
 F = Levels seen in this place.
 G = Mean time per level.
                   A        B        C        D        E       F      G
               +--------+--------+--------+--------+--------+-----+--------+
         Total |   8662 |   8190 |    472 |    797 |   5961 |   8 | 1082.8 |
       Dungeon |   7829 |   7357 |    472 |    510 |   5705 |   7 | 1118.4 |
       Ossuary |    832 |    832 |      0 |    287 |    256 |   1 |  832.0 |
               +--------+--------+--------+--------+--------+-----+--------+

Top non-repeatable levels by time:
     D:4: 1529 daAuts
     D:5: 1474 daAuts
     D:6: 1446 daAuts
     D:3: 1188 daAuts
     D:2: 1164 daAuts
     D:1: 992 daAuts
 Ossuary: 832 daAuts
     D:7: 33 daAuts
